 Dungeon Crawl Stone Soup version 0.18.1-1-g2f07953 (webtiles) character file.

836017 oplop the Octopoid Aeon (level 27, -7/194 (201) HPs)
             Began as an Octopode Transmuter on May 6, 2016.
             Was the Champion of Cheibriados.
             Killed by the air
             ... invoked by a blizzard demon
              (21 damage)
             ... in the Vestibule of Hell on May 7, 2016.
             The game lasted 04:42:27 (62893 turns).

oplop the Octopoid Aeon (Octopode Transmuter)      Turns: 62893, Time: 04:42:28

HP:   -7/194 (201)  AC: 18    Str: 34      XL:     27
MP:   8/39          EV: 43    Int: 37 (38) God:    Cheibriados [******]
Gold: 7921          SH: 20    Dex: 29 (32) Spells: 12 memorised, 2 levels left

rFire  + + +     SeeInvis +       - Unarmed
rCold  + + +     Gourm    .     L - +3 buckler {rC+ rF+}
rNeg   + + +     Faith    .     p - +0 hat "Jicrytyagi" {rPois rC+ MR+}
rPois  ∞         Spirit   .     t - +6 amulet of reflection
rElec  .         Dismiss  .     m - +5 ring of evasion
rCorr  +         Reflect  +     g - ring "Pizuqi" {MR+ AC+2}
SustAt .         Harm     .     S - ring "Moug" {Dex+8 SInv}
MR     +++++                    y - ring "Jaehyll" {Wiz +Blink rF++ rN+ Str-2}
Stlth  +++++.....               r - ring of resist corrosion
                                H - ring "Poorulem" {rN+ EV+4 Int-3 Dex+4}
                                o - ring "Jenkuohiyfu" {MR+ Str+4 Dex-5 Stlth+}
                                C - +5 ring of intelligence

@: icy armour, about to teleport, lich-form, very slightly contaminated, deflect
missiles, very slow, almost entirely resistant to hostile enchantments, quite
stealthy
A: almost no armour, amphibious, 8 rings, constrict 8, repulsion field 2,
camouflage 1, clumsy 1, low mp 1, slow regeneration 1, gelatinous body 1
a: End Transformation, Bend Time, Temporal Distortion, Slouch, Step From Time,
Renounce Religion, Evoke Blink
}: 6/15 runes: serpentine, barnacled, slimy, silver, golden, abyssal


You were in the Vestibule of Hell.
You worshipped Cheibriados.
Cheibriados was exalted by your worship.
You were not hungry.
You were a lich.
You visited 14 branches of the dungeon, and saw 65 of its levels.
You visited the Abyss 1 time.
You also visited: Trove, Ossuary and Ice Cave.

You collected 11953 gold pieces.
You spent 4032 gold pieces at shops.

Inventory:

Missiles
 a - 964 arrows
Armour
 p - the +0 hat "Jicrytyagi" (worn) {rPois rC+ MR+}
   (You acquired it on level 8 of the Lair of Beasts)

   It protects you from cold.
   It protects you from poison.
   It affects your resistance to hostile enchantments.
 L - a +3 buckler of resistance (worn)
Jewellery
 g - the ring "Pizuqi" (right tentacle) {MR+ AC+2}
   (You found it on level 3 of the Vaults)

   [ring of protection]

   It affects your AC (+2).
   It affects your resistance to hostile enchantments.
 m - a +5 ring of evasion (left tentacle)
 o - the ring "Jenkuohiyfu" (on tentacle) {MR+ Str+4 Dex-5 Stlth+}
   (You bought it in a shop on level 4 of the Shoals)

   [ring of protection from magic]

   It affects your strength (+4).
   It affects your dexterity (-5).
   It affects your resistance to hostile enchantments.
   It makes you more stealthy.
 r - a ring of resist corrosion (on tentacle)
 t - a +6 amulet of reflection (around mantle)
 y - the ring "Jaehyll" (on tentacle) {Wiz +Blink rF++ rN+ Str-2}
   (You found it on level 5 of the Dungeon)

   [ring of wizardry]

   It improves your spell success rate.
   It affects your strength (-2).
   It greatly protects you from fire.
   It protects you from negative energy.
   It lets you blink.
 C - a +5 ring of intelligence (on tentacle)
 H - the ring "Poorulem" (on tentacle) {rN+ EV+4 Int-3 Dex+4}
   (You found it on level 4 of the Shoals)

   [ring of evasion]

   It affects your evasion (+4).
   It affects your intelligence (-3).
   It affects your dexterity (+4).
   It protects you from negative energy.
 O - the ring of Jeidorir {Ice MR++}
   (You took it off a deep elf death mage on level 3 of the Elven Halls)

   [ring of ice]

   It enhances your ice magic, and weakens your fire magic.
   It makes you vulnerable to fire.
   It protects you from cold.
   It affects your resistance to hostile enchantments.
 S - the ring "Moug" (on tentacle) {Dex+8 SInv}
   (You bought it in a shop on level 4 of the Shoals)

   [ring of see invisible]

   It affects your dexterity (+8).
   It lets you see invisible.
 Z - a +3 ring of protection
Wands
 l - a wand of digging (12/24)
 M - a wand of digging (8/24)
 Q - a wand of teleportation (6/9)
Scrolls
 e - 5 scrolls of enchant weapon
 f - 29 scrolls of remove curse
 h - 6 scrolls of amnesia
 i - 6 scrolls of blinking
 j - 31 scrolls of identify
 s - 4 scrolls of fear
 w - a scroll of acquirement
 z - 10 scrolls of magic mapping
 A - a scroll of brand weapon
 B - 4 scrolls of torment
 F - 5 scrolls of enchant armour
 J - 9 scrolls of fog
 R - 8 scrolls of teleportation
 T - 12 scrolls of recharging
Potions
 k - 6 potions of brilliance
 n - 19 potions of curing
 q - 4 potions of agility
 D - 2 potions of resistance
 E - 4 potions of cancellation
 G - 8 potions of lignification
 I - 2 potions of flight
 K - 2 potions of cure mutation
 U - 3 potions of magic
 X - 5 potions of heal wounds
 Y - 7 potions of might
Books
 v - a book of Necromancy

   Spells                             Type                      Level
   a - Pain                           Necromancy                   1
   b - Animate Skeleton               Necromancy                   1
   c - Vampiric Draining              Necromancy                   3
   d - Regeneration                   Charms/Necromancy            3
   e - Animate Dead                   Necromancy                   4
   f - Control Undead                 Necromancy                   4
Miscellaneous
 u - a legendary deck of defence {the Helm}
 W - a figurine of a ziggurat
Comestibles
 b - 2 beef jerkies
 c - 26 bread rations
 d - 2 royal jellies
 x - 14 meat rations
 N - 39 fruits


   Skills:
 + Level 20.0 Fighting
 - Level 15.3 Dodging
 + Level 20.1 Shields
 + Level 19.7 Unarmed Combat
 - Level 16.6 Spellcasting
 - Level 6.2 Charms
 - Level 17.6 Necromancy
 - Level 12.8 Transmutations
 - Level 2.7 Ice Magic
 - Level 22.0 Air Magic
 - Level 5.2 Earth Magic
 + Level 23.0 Invocations


You had 2 spell levels left.
You knew the following spells:

 Your Spells              Type           Power        Failure   Level  Hunger
a - Hydra Form            Trmt           #######...   1%          6    N/A
b - Sticks to Snakes      Trmt           #######.     0%          2    N/A
c - Passage of Golubria   Tloc           N/A          4%          4    N/A
d - Statue Form           Trmt/Erth      #######..    1%          6    N/A
e - Apportation           Tloc           ####......   1%          1    N/A
f - Tornado               Air            ########..   6%          9    N/A
g - Dragon Form           Trmt           #######...   3%          7    N/A
h - Repel Missiles        Chrm/Air       ######       0%          2    N/A
i - Ozocubu's Armour      Chrm/Ice       ######..     1%          3    N/A
j - Deflect Missiles      Chrm/Air       #######...   1%          6    N/A
k - Regeneration          Chrm/Necr      ########..   1%          3    N/A
l - Necromutation         Trmt/Necr      ########..   7%          8    N/A

Dungeon Overview and Level Annotations

Branches:
Dungeon (15/15)            Temple (1/1) D:7            Lair (8/8) D:9
 Shoals (4/4) Lair:4        Snake (4/4) Lair:4        Slime (6/6) Lair:7
    Orc (2/2) D:11            Elf (3/3) Orc:2        Vaults (5/5) D:13
  Crypt (3/3) Vaults:2       Tomb (3/3) Crypt:3      Depths (5/5) D:15
   Hell (1/1)                 Coc (0/7) Hell            Zot (5/5) Depths:5
    Dis: Hell:1         Geh: Hell:1         Tar: Hell:1

Altars:
Ashenzari
Cheibriados
Dithmenos
Elyvilon
Fedhas
Gozag
Kikubaaqudgha
Makhleb
Nemelex Xobeh
Okawaru
Pakellas
Qazlal
Ru
Sif Muna
Trog
Vehumet
Xom
Yredelemnul
Zin
The Shining One
Beogh

Shops:
D:5 [   D:9 !   D:13 !   Orc:2 [=[:   Elf:1 (   Elf:3 (:((   Shoals:3 ?[?(
Shoals:4 *=[*   Vaults:1 ?   Vaults:5 ?*!?[[   Depths:2 :*

Portals:
Hell: Depths:1 Depths:2 Depths:3 Depths:4 Depths:5
Abyss: Depths:1 Depths:4 Depths:5
Pandemonium: Depths:2 Depths:3 Depths:5
Ziggurat: Depths:3

Annotations:
D:3 no0bjke's ghost, amateur OpAs
D:4 F1L1N's ghost, amateur DsGl
D:5 exclusion: statue, barb4r1an's ghost, novice GrBe
D:11 exclusion: cyclops
Lair:3 exclusion: oklob plant
Shoals:3 Nikola
Shoals:4 exclusion: kraken
Depths:5 6 runed doors
Hell Geryon; Murray


Innate Abilities, Weirdness & Mutations

You cannot wear most types of armour.
You are amphibious.
You can wear up to eight rings at the same time.
You can use your tentacles to constrict eight enemies at once.
Your skin changes colour to match your surroundings (Stealth).
Your rubbery body absorbs attacks (AC +1).
You are surrounded by a moderate repulsion field (EV +3).
You are clumsy. (Dex -2)
Your magical capacity is low (-10% MP).
You regenerate slowly when monsters are visible.


Message History

Confirm with . or Enter, or press ? or * to list all spells.
Okay, then.
Unknown command.
Okay, then.
Unknown command.
Read which item? (? for menu, Esc to quit)
Blink to where?
Press: ? - help, Dir - move target cursor Floosh!
As you read the scroll of blinking, it crumbles to dust.
A soul eater and a simulacrum come into view.
Unknown command.
Unknown command.
Unknown command.
Read which item? (? for menu, Esc to quit)
As you read the scroll of teleportation, it crumbles to dust.
You feel strangely unstable.
The blizzard demon waves its arms in wide circles.
The air twists around and strikes you!
You die...

.. .. .......≈≈.≈≈≈# ..
......≈≈..≈.≈# ..
.....≈≈....≈≈# ..
....≈≈≈.Z≈.≈≈# ..
...≈≈≈..≈..≈≈# ..
..≈≈..∩...≈≈≈# ..
.≈≈....3..≈≈≈#
.........≈≈≈≈...L..W≈≈#
........≈≈≈≈≈≈≈≈≈...≈≈#
...2....≈≈.≈≈≈≈.≈....≈#
..2........2.......≈.≈#
......≈.≈≈.≈Z.≈..≈..≈≈#
...................≈.≈#
.......≈≈≈2E≈≈..≈...≈≈#
........≈≈§§§§§≈≈≈...≈#
.........≈≈≈≈≈≈.≈....


You could see 2 blizzard demons, a soul eater, a freezing wraith, a water
elemental (wandering), an anaconda simulacrum and a spiny frog simulacrum.

Vanquished Creatures
  the Royal Jelly (Slime:6)
  4 ancient liches
  Tiamat (Zot:3)
  Mennas (Depths:5)
  An orb of fire (Zot:5)
  A juggernaut (Depths:5)
  25 greater mummies
  Frederick (Depths:4)
  Norris (Elf:3)
  2 caustic shrikes (Depths:3)
  16 golden dragons
  Xtahua (Crypt:2)
  Jory (Depths:4)
  the Enchantress (Depths:2)
  3 bone dragons
  An iron giant (Depths:3)
  A hellephant (Abyss:1)
  Jorgrun (Shoals:4)
  2 electric golems
  9 liches
  14 tentacled monstrosities
  An Ice Fiend (IceCv)
  5 titans
  5 Orb Guardians (Zot:5)
  29 acid blobs
  A deep elf master archer (Elf:3)
  3 deep elf blademasters
  An Executioner (Abyss:3)
  4 tengu reavers
  9 sphinxes
  7 tentacled starspawn
  Gastronok (D:8)
  7 death cobs
  3 ancient champions
  19 storm dragons
  A thorn hunter (Abyss:5)
  5 revenants
  Roxanne (Snake:2)
  16 shadow dragons
  11 greater nagas
  A draconian monk (Zot:1)
  14 azure jellies
  7 deep elf sorcerers
  3 draconian knights
  3 orc warlords
  Ilsuiw (Shoals:4)
  14 frost giants
  Donald (Shoals:2)
  17 vault wardens
  4 fire giants
  Maud (Lair:4)
  6 draconian zealots
  5 ghost moths
  6 iron dragons
  4 deep elf elementalists
  Louise (Depths:5)
  3 draconian annihilators
  17 ironheart preservers
  5 draconian scorchers
  2 balrugs
  A cacodemon (Depths:2)
  4 ghouls (Crypt:2)
  4 draconian shifters
  6 curse skulls
  5 spriggan defenders
  3 war gargoyles
  14 very ugly things
  A reaper (Hell)
  12 deep elf demonologists
  16 stone giants
  5 green draconians
  16 vampire knights
  A salamander stormcaller (Abyss:3)
  Nessos (Orc:2)
  13 deep elf annihilators
  7 black draconians
  2 spectral titans (Crypt:3)
  2 bennus (Tomb:3)
  9 red draconians
  Snorg (D:11)
  4 mottled draconians
  9 purple draconians
  9 white draconians
  A lorocyproca (Abyss:3)
  A dire elephant (Abyss:5)
  4 spark wasps
  21 yellow draconians
  19 ettins
  8 eidola
  12 deep elf death magi
  9 merfolk javelineers
  A spectral quicksilver dragon (Crypt:3)
  8 merfolk impalers
  10 death oozes
  12 great orbs of eyes
  A crystal guardian (Vaults:4)
  22 fire dragons
  41 vault guards
  25 mummy priests
  15 jiangshi
  3 green deaths
  A quicksilver dragon zombie (Tomb:3)
  9 yaktaur captains
  11 hydras
  4 deep elf high priests
  36 naga warriors
  17 ice dragons
  5 rakshasas
  7 entropy weavers
  A ghost crab (shapeshifter) (Depths:2)
  7 spriggan air magi
  3 catoblepae
  6 centaur warriors
  13 ogre magi
  6 death knights
  An alligator snapping turtle (Shoals:4)
  4 merfolk avatars
  A spectral fire giant (Crypt:3)
  9 anacondas
  A spectral stone giant (Crypt:3)
  6 merfolk aquamancers
  27 dancing weapons
  5 tengu warriors
  A titan zombie (Crypt:1)
  2 deep troll earth magi (Depths:3)
  5 death yaks (Lair:8)
  11 deep troll shamans
  23 deep elf knights
  11 thrashing horrors
  3 satyrs
  15 vampire magi
  Nergalle (D:12)
  7 wretched stars
  20 naga sharpshooters
  6 spriggan berserkers
  5 shock serpents
  A soul eater (Crypt:1)
  3 sun demons
  A hell knight (Vaults:5)
  35 skeletal warriors
  22 shadow wraiths
  17 small abominations
  A salamander mystic (Snake:3)
  4 spatial maelstroms
  2 fire crabs
  18 sea snakes
  2 wizards
  47 death scarabs
  6 giant orange brains
  9 iron trolls
  22 deep trolls
  A deep troll (shapeshifter) (Depths:5)
  2 unseen horrors (shapeshifter)
  14 flayed ghosts
  10 naga ritualists
  2 unseen horrors
  35 phantasmal warriors
  A shadow dragon zombie (Abyss:3)
  23 deep elf archers
  15 orc knights
  5 hill giants
  An anubis guard (shapeshifter) (Vaults:5)
  21 ironbrand convokers
  A sphinx zombie (Vaults:2)
  12 anubis guards
  75 deep elf magi
  6 necromancers
  Pikel (D:8)
  5 oklob plants
  3 wolf spider zombies
  A wolf spider (Vaults:2)
  A frost giant zombie (Crypt:3)
  17 harpies
  6 fauns
  A hornet (shapeshifter) (Vaults:2)
  5 mana vipers
  3 cyclopes
  A fire giant zombie (Crypt:3)
  6 shining eyes
  2 hornets
  15 griffons
  29 ugly things
  13 manticores
  A stone giant zombie (Abyss:3)
  2 orc sorcerers
  A manticore (shapeshifter) (Depths:2)
  32 black mambas
  19 elephants
  17 moths of wrath
  9 salamanders
  2 worldbinders (Abyss:3)
  6 sirens
  2 octopodes (shapeshifter)
  9 water nymphs
  18 vault sentinels
  19 naga magi
  5 guardian serpents (Snake:4)
  4 eyes of devastation
  2 ice statues (IceCv)
  2 apocalypse crabs
  A water nymph (shapeshifter) (Elf:1)
  2 black mambas (shapeshifter)
  A guardian serpent (shapeshifter) (Elf:1)
  7 smoke demons
  A torpor snail (Lair:6)
  2 gargoyles
  2 orange demons
  A catoblepas zombie (Crypt:2)
  A titan simulacrum (Depths:1)
  A komodo dragon (shapeshifter) (Vaults:2)
  2 eyes of devastation (shapeshifter)
  4 hellions
  15 spiny frogs
  A dire elephant skeleton (Crypt:1)
  13 freezing wraiths
  10 komodo dragons
  5 rime drakes (Lair:6)
  3 efreet
  4 catoblepas skeletons (Abyss:5)
  3 anaconda simulacra (IceCv)
  A golden dragon simulacrum (Depths:1)
  9 ice devils
  A demonic crawler (Hell)
  35 yaktaurs
  2 tengu conjurers
  A hellwing (Depths:2)
  A merfolk (shapeshifter) (Vaults:5)
  A minotaur zombie (Crypt:3)
  42 guardian mummies
  12 trolls
  4 giant leeches (Abyss:1)
  4 jumping spiders
  3 red devils (Hell)
  4 wind drakes
  A purple draconian skeleton (Crypt:1)
  41 merfolk
  A polar bear (Lair:4)
  12 ancient zymes
  A shadow dragon simulacrum (Crypt:3)
  A tengu simulacrum (Depths:1)
  3 two-headed ogres (shapeshifter)
  33 two-headed ogres
  2 wolf spider simulacra
  A slime creature (shapeshifter) (Vaults:5)
  A polar bear (shapeshifter) (Vaults:5)
  A death drake skeleton (Crypt:3)
  15 raiju
  8 snapping turtles
  A griffon zombie (Crypt:3)
  A hydra skeleton (Crypt:2)
  A bog body (Crypt:2)
  8 boulder beetles
  90 slime creatures
  A snapping turtle (shapeshifter) (Vaults:1)
  A stone giant simulacrum (Crypt:3)
  15 ushabtiu
  A fire giant simulacrum (Crypt:3)
  22 blink frogs
  A fire dragon zombie (Crypt:1)
  19 large abominations
  15 starcursed masses
  An ice dragon skeleton (Crypt:1)
  7 spriggans
  49 flying skulls
  2 alligator skeletons
  7 air elementals
  A fire dragon skeleton (Crypt:1)
  19 redbacks
  4 ynoxinuls
  A tarantella (Depths:5)
  A dire elephant simulacrum (IceCv)
  31 water elementals
  15 shadows
  18 wraiths
  3 wyverns
  A black mamba zombie (Crypt:3)
  39 yaks
  A tarantella (shapeshifter) (Vaults:1)
  7 hungry ghosts
  A spectral elf (Crypt:3)
  A wyvern (shapeshifter) (Depths:3)
  A black mamba skeleton (Tomb:3)
  3 fire bats (Abyss:3)
  7 fire elementals
  2 golden eyes (shapeshifter)
  6 basilisks
  2 yaks (shapeshifter)
  15 vampire mosquitoes
  9 golden eyes
  5 neqoxecs
  3 chaos spawn
  9 hippogriffs
  4 mottled dragons
  An iron troll simulacrum (IceCv)
  83 nagas
  A harpy simulacrum (IceCv)
  A soldier ant (D:10)
  Menkaure (D:7)
  A naga (shapeshifter) (Abyss:1)
  A water nymph zombie (Crypt:2)
  A torturous demonspawn zombie (Crypt:2)
  10 wargs
  An entropy weaver simulacrum (Vaults:2)
  3 giant eyeballs
  A merfolk skeleton (Crypt:2)
  2 hydra simulacra (IceCv)
  A hell hound (shapeshifter) (Vaults:3)
  19 porcupines
  A water nymph skeleton (Crypt:2)
  23 water moccasins
  A spiny frog zombie (Crypt:3)
  62 orc warriors
  2 ettin simulacra (IceCv)
  5 eyes of draining
  4 slaves (D:8)
  15 ice beasts
  2 black bears (shapeshifter)
  2 wasps
  An ice dragon simulacrum (Depths:1)
  3 sky beasts
  2 human zombies (Vaults:2)
  A deep troll simulacrum (Depths:1)
  A fire dragon simulacrum (Crypt:3)
  3 black bears
  3 necrophages
  18 wolves
  14 boggarts
  6 phantoms
  A human skeleton (Vaults:2)
  63 ogres
  33 centaurs
  15 crocodiles
  A rime drake zombie (Crypt:1)
  Blork the orc (D:5)
  4 big kobolds
  A rime drake skeleton (Crypt:2)
  29 giant frogs
  A cyclops zombie (Crypt:3)
  A komodo dragon zombie (Crypt:2)
  5 earth elementals
  A wyvern zombie (Crypt:3)
  2 glowing shapeshifter simulacra
  7 scorpions
  A queen bee zombie (Crypt:1)
  A warg zombie (Crypt:2)
  4 killer bees (D:10)
  A hippogriff skeleton (Crypt:2)
  22 wights
  2 vampire bats (Lair:1)
  A snapping turtle simulacrum (Crypt:2)
  3 centaur zombies
  A howler monkey (D:5)
  11 crimson imps
  36 jellies
  4 quasits
  A human simulacrum (Vaults:1)
  6 iron imps
  A demonspawn zombie (Crypt:2)
  6 hounds
  25 orc priests
  30 orc wizards
  5 centaur skeletons
  2 giant frog skeletons (D:10)
  10 iguanas
  A two-headed ogre skeleton (Crypt:1)
  9 worker ants
  2 hell rats (D:9)
  A killer bee zombie (D:10)
  A big kobold zombie (Ossuary)
  32 sheep
  3 hound skeletons
  59 mummies
  7 gnolls
  4 scorpion zombies (Ossuary)
  16 adders
  22 river rats
  4 shadow imps
  A swamp drake skeleton (Crypt:1)
  4 white imps
  3 ufetubi
  3 halfling zombies (Crypt:3)
  An adder skeleton (D:6)
  A halfling skeleton (Crypt:2)
  2 worms
  A dart slug (D:1)
  5 giant geckos
  114 orcs
  9 bats
  A giant cockroach (D:3)
  9 goblins
  6 hobgoblins
  7 jackals
  19 kobolds
  3 quokkas
  3 ball pythons
  7 giant newts
  2 gnoll zombies
  2 goblin zombies (Ossuary)
  6 hobgoblin zombies (Ossuary)
  2 kobold skeletons
  A kobold zombie (Ossuary)
  An orc skeleton (Abyss:1)
  3 orc zombies (Ossuary)
  2 quokka skeletons
  6 rats
  14 briar patches (Abyss:5)
  2 crawling corpses (Elf:3)
  2 lost souls
  10 plants
  3 starspawn tentacles (Abyss:5)
3474 creatures vanquished.

Vanquished Creatures (collateral kills)
  A komodo dragon (Lair:6)
  Grinder (D:5)
  A blink frog (Lair:6)
  A scorpion (Ossuary)
  A centaur zombie (Ossuary)
  A mummy (Ossuary)
  A goblin (D:11)
  A gnoll zombie (Ossuary)
8 creatures vanquished.

Vanquished Creatures (others)
  A caustic shrike (Depths:3)
  A deep elf master archer (Elf:3)
  A draconian scorcher (Zot:4)
  An ironheart preserver (Vaults:3)
  A spark wasp (Depths:4)
  2 merfolk javelineers
  A vault guard (Vaults:3)
  4 yaktaur captains
  A dancing weapon (Vaults:5)
  An ogre mage (Orc:2)
  3 deep elf knights (Elf:3)
  8 death scarabs (Tomb:3)
  4 deep elf archers
  A phantasmal warrior (Vaults:5)
  A shambling mangrove (Abyss:5)
  A faun (Shoals:4)
  A cyclops (D:13)
  9 yaktaurs
  A guardian mummy (Tomb:2)
  2 flying skulls (Tomb:3)
  A water elemental (Depths:1)
  A basilisk (Lair:7)
  2 nagas (Snake:4)
  An orc warrior (Vaults:3)
  3 mummies (Tomb:2)
  2 orcs
  A briar patch (Abyss:5)
  29 fungi
  6 lost souls
  2 lurking horrors
  21 plants
  17 starspawn tentacles
  90 starspawn tentacle segments
221 creatures vanquished.

Grand Total: 3703 creatures vanquished

Notes
Turn   | Place    | Note
--------------------------------------------------------------
     0 | D:1      | oplop the Octopode Transmuter began the quest for the Orb.
     0 | D:1      | Reached XP level 1. HP: 13/13 MP: 3/3
   128 | D:1      | Reached XP level 2. HP: 18/18 MP: 3/5
   784 | D:2      | Reached XP level 3. HP: 23/23 MP: 4/6
  1094 | D:3      | Reached XP level 4. HP: 10/29 MP: 5/7
  1196 | D:3      | Found a sacrificial altar of Ru.
  1220 | D:3      | Reached XP level 5. HP: 16/34 MP: 7/9
  1259 | D:3      | Noticed no0bjke's ghost (amateur OpAs)
  1364 | D:4      | Found a sand-covered staircase.
  1386 | D:4      | Learned a level 2 spell: Sticks to Snakes
  1390 | D:4      | Learned a level 3 spell: Spider Form
  1399 | Ossuary  | Entered an ossuary
  1625 | Ossuary  | Reached XP level 6. HP: 40/40 MP: 4/10
  1941 | Ossuary  | Reached XP level 7. HP: 45/45 MP: 7/12
  1996 | Ossuary  | Reached skill level 5 in Transmutations
  2250 | D:4      | Noticed F1L1N's ghost (amateur DsGl)
  3163 | D:5      | Entered Level 5 of the Dungeon
  3163 | D:5      | Noticed barb4r1an's ghost (novice GrBe)
  3218 | D:5      | Found Nexze's Armour Shoppe.
  3218 | D:5      | Noticed Grinder
  3226 | D:4      | Learned a level 4 spell: Ice Form
  3232 | D:5      | Noticed Blork the orc
  3257 | D:5      | Found a radiant altar of Vehumet.
  3299 | D:5      | Got a slimy copper ring
  3300 | D:5      | Identified the ring "Jaehyll" {Wiz +Blink rF++ rN+ Str-2} (You found it on level 5 of the Dungeon)
  3350 | D:5      | Killed Blork the orc
  3444 | D:5      | Reached skill level 1 in Ice Magic
  3444 | D:5      | Reached XP level 8. HP: 52/52 MP: 9/14
  3640 | D:5      | Killed Grinder
  3847 | D:6      | Found a deep blue altar of Sif Muna.
  3917 | D:6      | Learned a level 5 spell: Blade Hands
  4030 | D:6      | Reached skill level 5 in Dodging
  4411 | D:6      | Reached XP level 9. HP: 59/59 MP: 12/16
  4684 | D:6      | Identified Sif Muna's Papyrus of Combat Magic
  4864 | D:7      | Reached skill level 5 in Spellcasting
  4950 | D:7      | Reached skill level 5 in Fighting
  5099 | D:7      | Noticed Menkaure
  5108 | D:7      | Killed Menkaure
  5284 | D:7      | Found a staircase to the Ecumenical Temple.
  5495 | D:7      | Reached XP level 10. HP: 66/66 MP: 9/18
  5910 | Temple   | Entered the Ecumenical Temple
  6054 | Temple   | Became a worshipper of Cheibriados the Contemplative
  6122 | D:8      | Reached skill level 5 in Unarmed Combat
  6131 | D:8      | Noticed Pikel
  6144 | D:8      | Killed Pikel
  6144 | D:8      | Reached skill level 2 in Invocations
  6325 | D:8      | Noticed Gastronok
  6348 | D:8      | Killed Gastronok
  6348 | D:8      | Reached skill level 4 in Invocations
  6703 | D:8      | Found a stormy altar of Qazlal.
  6765 | D:8      | Reached * piety under Cheibriados
  6904 | D:9      | Found a staircase to the Lair.
  6906 | D:9      | Reached XP level 11. HP: 74/74 MP: 20/20
  6916 | D:9      | Found a sparkling altar of Nemelex Xobeh.
  6944 | D:9      | Reached skill level 5 in Invocations
  6970 | D:9      | Found Hyexisen's Distillery.
  6978 | D:9      | Bought 2 potions of heal wounds for 130 gold pieces
  6990 | D:9      | Found an ancient bone altar of Kikubaaqudgha.
  7006 | D:9      | Found a glowing golden altar of the Shining One.
  7009 | D:9      | Found a blossoming altar of Fedhas.
  7064 | D:9      | Reached ** piety under Cheibriados
  7142 | D:9      | Found a blossoming altar of Fedhas.
  7775 | D:10     | Entered Level 10 of the Dungeon
  7775 | D:10     | Noticed a brown ugly thing
  7780 | D:10     | Killed a brown ugly thing
  7921 | D:10     | Reached *** piety under Cheibriados
  7921 | D:10     | Reached skill level 6 in Invocations
  8602 | D:11     | Found a staircase to the Orcish Mines.
  8615 | D:11     | Reached **** piety under Cheibriados
  8769 | D:11     | Noticed a red ugly thing
  8776 | D:11     | Killed a red ugly thing
  8916 | D:11     | Noticed a cyclops
  9518 | D:12     | Noticed Snorg
  9544 | D:11     | Reached ***** piety under Cheibriados
  9576 | D:11     | Killed Snorg
  9576 | D:11     | Reached skill level 7 in Invocations
  9678 | D:12     | Noticed a death knight
  9806 | Lair:1   | Entered Level 1 of the Lair of Beasts
  9817 | Lair:1   | Learned a level 9 spell: Tornado
  9866 | Lair:1   | Reached XP level 12. HP: 78/80 MP: 23/23
 10038 | Lair:1   | Got a brightly glowing rapier
 10039 | Lair:1   | Identified the +6 rapier "Piteqit" {venom, rC+} (You found it on level 1 of the Lair of Beasts)
 10094 | Lair:1   | Reached skill level 1 in Air Magic
 10523 | Lair:2   | Noticed a six-headed hydra
 10844 | Lair:2   | Killed a six-headed hydra
 11162 | Lair:2   | Reached skill level 8 in Invocations
 11605 | Lair:3   | Reached ****** piety under Cheibriados
 12132 | Lair:4   | Noticed Maud
 12393 | Lair:4   | Found a staircase to the Snake Pit.
 12442 | Lair:4   | Reached XP level 13. HP: 85/87 MP: 20/25
 12449 | Lair:4   | Reached skill level 9 in Invocations
 12574 | Lair:4   | Found a staircase to the Shoals.
 13210 | Lair:5   | Reached skill level 5 in Air Magic
 13251 | Lair:5   | Gained mutation: One of your tentacles bears a spike. [potion of mutation]
 13251 | Lair:5   | Lost mutation: One of your tentacles bears a spike. [potion of mutation]
 13251 | Lair:5   | Gained mutation: Your natural rate of healing is unusually fast. [potion of mutation]
 13666 | Lair:6   | Reached skill level 10 in Dodging
 13952 | Lair:6   | Reached skill level 10 in Invocations
 14526 | Lair:6   | Reached skill level 10 in Unarmed Combat
 14539 | Lair:6   | Reached XP level 14. HP: 51/92 MP: 21/27
 14893 | Lair:7   | Found a staircase to the Slime Pits.
 15581 | Lair:7   | Learned a level 7 spell: Dragon Form
 15586 | Lair:8   | Entered Level 8 of the Lair of Beasts
 15766 | Lair:8   | Identified a scroll of acquirement
 15767 | Lair:8   | Got a dazzling hat
 15811 | Lair:8   | Identified the +0 hat "Jicrytyagi" {rPois rC+ MR+} (You acquired it on level 8 of the Lair of Beasts)
 15927 | Lair:8   | Reached skill level 10 in Spellcasting
 16479 | Lair:8   | Reached skill level 11 in Invocations
 17047 | Orc:1    | Entered Level 1 of the Orcish Mines
 17047 | Orc:1    | Noticed an orc warlord
 17059 | Orc:1    | Killed an orc warlord
 17151 | Orc:1    | Found an iron altar of Okawaru.
 17216 | Orc:1    | Noticed an orc warlord
 17221 | Orc:1    | Killed an orc warlord
 17239 | Orc:1    | Reached XP level 15. HP: 52/98 MP: 15/29
 17676 | Orc:2    | Entered Level 2 of the Orcish Mines
 17922 | Orc:2    | Found Akobe's Armour Shop.
 17922 | Orc:2    | Found Nicsarru's Jewellery Emporium.
 17924 | Orc:2    | Found Muleed's Antique Armour Shoppe.
 17926 | Orc:2    | Found Tuch's Book Boutique.
 18090 | Orc:2    | Bought a +6 amulet of reflection for 425 gold pieces
 18329 | Orc:2    | Noticed Nessos
 18338 | Orc:2    | Killed Nessos
 18362 | Orc:2    | Found a roughly hewn altar of Beogh.
 18415 | Orc:2    | Found a staircase to the Elven Halls.
 18743 | D:12     | Noticed Nergalle
 18754 | D:12     | Killed Nergalle
 18818 | D:12     | You fall through a shaft!
 19121 | D:13     | Found Ryong's Distillery.
 19129 | D:13     | Bought a potion of curing for 33 gold pieces
 19129 | D:13     | Bought a potion of heal wounds for 55 gold pieces
 19671 | D:13     | Found a gate to the Vaults.
 19822 | D:14     | Found a portal to a secret trove of treasure.
 19829 | Trove    | Entered a treasure trove
 19843 | Trove    | Identified the Guide on Mutagenic Creation
 19846 | Trove    | Identified the Handbook of Ghastly Conjuration
 19849 | Trove    | Identified Sif Muna's Reference Book on Feathers and the Escort
 19858 | Trove    | Identified Xuixu's Reference Book on Assistive Transformation
 19868 | Trove    | Identified Sif Muna's Incunabulum of the Assistive Compass
 19871 | Trove    | Identified the Guide on Hurtful Lightness
 19939 | D:14     | Learned a level 2 spell: Repel Missiles
 20379 | D:14     | Learned a level 4 spell: Passage of Golubria
 20438 | D:15     | Entered Level 15 of the Dungeon
 20492 | D:15     | Reached skill level 10 in Transmutations
 20706 | D:15     | Found a staircase to the Depths.
 20971 | D:15     | Reached XP level 16. HP: 82/107 MP: 23/31
 21567 | Shoals:1 | Entered Level 1 of the Shoals
 21664 | Lair:1   | Learned a level 3 spell: Ozocubu's Armour
 22127 | Orc:2    | Bought an uncursed ring of protection from magic for 425 gold pieces
 22608 | Shoals:1 | Reached skill level 10 in Fighting
 23270 | Shoals:2 | Identified the Volume of the Feathery Escort
 23418 | Shoals:1 | Reached skill level 1 in Charms
 23602 | Lair:1   | Learned a level 6 spell: Hydra Form
 23983 | Shoals:2 | Noticed Donald
 24262 | Shoals:2 | Killed Donald
 24565 | Shoals:3 | Found Urchi's Antique Weapon Shop.
 24569 | Shoals:3 | Found Aserr's Antique Armour Emporium.
 24755 | Shoals:3 | Found a frozen archway.
 24798 | IceCv    | Entered an ice cave
 25160 | IceCv    | Noticed an Ice Fiend
 25167 | IceCv    | HP: 4/112 [Ice Fiend (17)]
 25466 | IceCv    | Killed an Ice Fiend
 25466 | IceCv    | Reached XP level 17. HP: 68/117 MP: 26/32
 25624 | Shoals:3 | Found Atatoti's Magic Scroll Shoppe.
 25660 | Shoals:3 | Bought a scroll of recharging for 190 gold pieces
 25660 | Shoals:3 | Bought a scroll of blinking for 150 gold pieces
 25680 | Shoals:3 | Noticed Nikola
 25778 | Shoals:3 | Found Gucaf's Magic Scroll Emporium.
 25812 | Shoals:4 | Entered Level 4 of the Shoals
 25824 | Shoals:4 | Noticed Ilsuiw
 25848 | Shoals:3 | Reached skill level 5 in Charms
 25971 | Shoals:4 | Found Dokhla's Jewellery Emporium.
 25971 | Shoals:4 | Noticed Jorgrun
 25980 | Shoals:4 | Killed Jorgrun
 25981 | Shoals:4 | Found Wocan's Antique Armour Shop.
 26069 | Shoals:4 | Bought the ring "Moug" {Dex+8 SInv} for 426 gold pieces
 26079 | Shoals:4 | Bought the ring "Jenkuohiyfu" {MR+ Str+4 Dex-5 Stlth+} for 359 gold pieces
 26683 | Shoals:4 | Got a barnacled rune of Zot
 27000 | Shoals:4 | Found Irorir's General Store.
 27041 | Shoals:4 | Got a fine turquoise ring
 27043 | Shoals:4 | Identified the ring "Poorulem" {rN+ EV+4 Int-3 Dex+4} (You found it on level 4 of the Shoals)
 27129 | Shoals:4 | Got a glittering brass ring
 27225 | Shoals:4 | Noticed a kraken
 27531 | Shoals:4 | Killed Ilsuiw
 27550 | Shoals:4 | Reached skill level 10 in Air Magic
 27717 | Shoals:4 | Found Zurphua's Assorted Antiques.
 27740 | Shoals:4 | Identified Sif Muna's Almanac of Execration and Contamination
 28203 | Snake:1  | Entered Level 1 of the Snake Pit
 28521 | Snake:1  | Reached skill level 1 in Shields
 28788 | Snake:1  | Reached XP level 18. HP: 126/126 MP: 19/33
 29383 | Snake:2  | Noticed Roxanne
 29393 | Snake:2  | Killed Roxanne
 29425 | Snake:2  | Learned a level 6 spell: Statue Form
 30639 | Snake:4  | Entered Level 4 of the Snake Pit
 30700 | Snake:4  | Reached skill level 1 in Earth Magic
 30717 | Snake:4  | Identified the ring of Morality {+Fly rF+ rN+ Dex-3} (You took it off a merfolk aquamancer on level 4 of the Shoals)
 31175 | Snake:4  | Reached XP level 19. HP: 135/135 MP: 34/34
 31469 | Snake:4  | Reached skill level 5 in Earth Magic
 31502 | Snake:4  | Got a twitching garnet amulet
 32033 | Snake:4  | Got a serpentine rune of Zot
 32499 | Lair:4   | Killed Maud
 32693 | D:12     | Identified the amulet of Jygeqet {Dismiss -Tele *Drain +Fly rElec} (You took it off a naga on level 4 of the Snake Pit)
 33110 | Vaults:1 | Entered Level 1 of the Vaults
 33523 | Vaults:1 | Reached XP level 20. HP: 141/141 MP: 33/36
 33682 | Vaults:1 | Reached skill level 15 in Air Magic
 34209 | Vaults:1 | Found Nishraxeq's Magic Scroll Shoppe.
 34217 | Vaults:1 | Bought a scroll of teleportation for 45 gold pieces
 34217 | Vaults:1 | Bought a scroll of teleportation for 45 gold pieces
 34217 | Vaults:1 | Bought a scroll of magic mapping for 52 gold pieces
 34217 | Vaults:1 | Bought a scroll of blinking for 112 gold pieces
 34217 | Vaults:1 | Bought a scroll of magic mapping for 52 gold pieces
 35131 | Vaults:2 | Found a staircase to the Crypt.
 35131 | Vaults:2 | Found an ancient bone altar of Kikubaaqudgha.
 35132 | Vaults:2 | Found a basalt altar of Yredelemnul.
 35635 | Vaults:3 | Got a shimmering marble ring
 35637 | Vaults:3 | Identified the ring "Pizuqi" {MR+ AC+2} (You found it on level 3 of the Vaults)
 35917 | Vaults:3 | Noticed a Tzitzimitl
 35923 | Vaults:3 | Reached XP level 21. HP: 101/146 MP: 25/38
 37527 | Vaults:5 | Entered Level 5 of the Vaults
 37559 | Vaults:5 | Reached XP level 22. HP: 153/153 MP: 37/40
 37595 | Vaults:5 | Reached skill level 15 in Spellcasting
 38051 | Vaults:5 | Noticed a golden dragon
 38059 | Vaults:5 | Killed a golden dragon
 38101 | Vaults:5 | Found Camm's Assorted Antiques.
 38125 | Vaults:5 | Bought a scroll of teleportation for 84 gold pieces
 38125 | Vaults:5 | Bought 2 potions of heal wounds for 280 gold pieces
 38182 | Vaults:5 | Noticed a golden dragon
 38188 | Vaults:5 | Killed a golden dragon
 38246 | Vaults:5 | Found Rebay's Antique Armour Shop.
 38255 | Vaults:5 | Reached XP level 23. HP: 158/158 MP: 35/42
 38261 | Vaults:5 | Bought a translucent buckler for 456 gold pieces
 38287 | Vaults:5 | Identified the +3 buckler "Piwoyj" {rC- Int+4} (You bought it in a shop on level 5 of the Vaults)
 38329 | Vaults:5 | Noticed a golden dragon
 38632 | Vaults:5 | Killed a golden dragon
 38662 | Vaults:5 | Noticed an ancient lich
 38671 | Vaults:5 | Killed an ancient lich
 38677 | Vaults:5 | Found Ziqafeux's Magic Scroll Shop.
 38699 | Vaults:5 | Got a silver rune of Zot
 38724 | Vaults:5 | Found Peunies's Distillery.
 38728 | Vaults:5 | Bought a potion of beneficial mutation for 595 gold pieces
 38728 | Vaults:5 | Gained mutation: One of your tentacles bears a spike. [potion of beneficial mutation]
 38784 | Vaults:5 | Found Laes's Magic Scroll Shop.
 38788 | Vaults:5 | Bought a scroll of teleportation for 33 gold pieces
 38788 | Vaults:5 | Bought a scroll of teleportation for 33 gold pieces
 38981 | Vaults:5 | Noticed a golden dragon
 38988 | Vaults:5 | Killed a golden dragon
 39238 | Vaults:5 | Found Goosi's Antique Armour Shoppe.
 39806 | Elf:1    | Entered Level 1 of the Elven Halls
 39972 | Elf:1    | Found Dayler's Weapon Boutique.
 40072 | Elf:1    | Found a radiant altar of Vehumet.
 40354 | Elf:1    | Identified Noba's Catalogue of Supportive Attacks (You found it on level 1 of the Elven Halls)
 40797 | Elf:2    | Reached skill level 5 in Shields
 41135 | Elf:2    | Found a huge runed gate.
 41135 | Elf:2    | Found a huge runed gate.
 41135 | Elf:2    | Found a huge runed gate.
 41135 | Elf:2    | Found a huge runed gate.
 41135 | Elf:2    | Found a huge runed gate.
 41192 | Elf:3    | Entered Level 3 of the Elven Halls
 41274 | Elf:3    | Found Ipsumiw's Book Emporium.
 41279 | Elf:3    | Reached skill level 12 in Invocations
 41292 | Elf:3    | Found Leanonyf's Antique Weapon Emporium.
 41333 | Elf:3    | Found Eteh's Antique Weapon Shoppe.
 41393 | Elf:3    | Reached XP level 24. HP: 165/165 MP: 35/43
 41588 | Elf:3    | Noticed Norris
 41594 | Elf:3    | Killed Norris
 41772 | Elf:3    | Got a vibrating brass amulet
 41777 | Elf:3    | Identified the amulet "Poneyscha" {RegenMP +Fly rN+++} (You took it off a deep elf mage on level 3 of the Elven Halls)
 41779 | Elf:3    | Got a heavily runed golden ring
 41780 | Elf:3    | Identified the ring of Jeidorir {Ice MR++} (You took it off a deep elf death mage on level 3 of the Elven Halls)
 41870 | Elf:3    | Identified the Volume of the Compass and Snow (You found it on level 3 of the Elven Halls)
 42043 | Elf:3    | Found Laamm's Antique Weapon Shop.
 42867 | Lair:1   | Learned a level 1 spell: Apportation
 42874 | Lair:1   | Learned a level 6 spell: Deflect Missiles
 42877 | Lair:1   | Learned a level 2 spell: Cure Poison
 42886 | Lair:1   | Learned a level 8 spell: Necromutation
 42892 | Lair:1   | Learned a level 3 spell: Ozocubu's Armour
 43041 | Depths:1 | Entered Level 1 of the Depths
 43041 | Depths:1 | Found a one-way gate to the infinite horrors of the Abyss.
 43045 | Depths:1 | Reached skill level 13 in Invocations
 43145 | Depths:1 | Reached skill level 1 in Necromancy
 43429 | Depths:1 | Reached skill level 15 in Dodging
 43435 | Depths:1 | Found a gateway to Hell.
 43607 | Depths:2 | Noticed the Enchantress
 43634 | Depths:2 | Killed the Enchantress
 43734 | Depths:2 | Found a one-way gate leading to the halls of Pandemonium.
 43781 | Depths:2 | Reached XP level 25. HP: 173/173 MP: 39/43
 43796 | Depths:2 | Found Ocoev's Book Emporium.
 44022 | Depths:2 | Reached skill level 5 in Necromancy
 44120 | Depths:2 | Found Oqikupe's Assorted Antiques.
 44478 | Depths:3 | Found a gateway to a ziggurat.
 44739 | Depths:3 | Reached skill level 14 in Invocations
 44869 | Depths:3 | Paralysed by a giant eyeball for 4 turns
 44997 | Depths:3 | Reached skill level 10 in Shields
 45160 | Depths:3 | Got a warped pewter ring
 45653 | Depths:4 | Reached XP level 26. HP: 180/180 MP: 38/43
 45760 | Depths:4 | Reached skill level 10 in Necromancy
 45763 | Depths:4 | Noticed Jory
 45770 | Depths:4 | Killed Jory
 45880 | Depths:4 | Reached skill level 15 in Invocations
 45978 | Depths:4 | Noticed Frederick
 45985 | Depths:4 | Killed Frederick
 46313 | Depths:4 | Paralysed by a giant eyeball for 3 turns
 46538 | Depths:5 | Entered Level 5 of the Depths
 46689 | Depths:5 | Found a runed door.
 46689 | Depths:5 | Found a runed door.
 46775 | Depths:5 | Found a gate to the Realm of Zot.
 46812 | Depths:5 | Reached skill level 16 in Invocations
 46816 | Depths:5 | Noticed a juggernaut
 46827 | Depths:5 | Killed a juggernaut
 46865 | Depths:5 | Found a runed door.
 46866 | Depths:5 | Found a runed door.
 46873 | Depths:5 | Found a runed door.
 46893 | Depths:5 | Noticed Mennas
 46901 | Depths:5 | Killed Mennas
 46922 | Depths:5 | Reached XP level 27. HP: 185/185 MP: 37/43
 46934 | Depths:5 | Noticed Louise
 46943 | Depths:5 | Killed Louise
 47028 | Depths:5 | Found a runed door.
 47484 | Zot:1    | Entered Level 1 of the Realm of Zot
 48479 | Zot:2    | Reached skill level 15 in Necromancy
 48871 | Zot:3    | Reached skill level 17 in Invocations
 48877 | Zot:3    | Noticed Tiamat
 48897 | Zot:3    | Killed Tiamat
 49831 | Zot:4    | Reached skill level 18 in Invocations
 50015 | Zot:4    | Identified the ring of Veluq {Ice +Inv rPois Slay+3 Stlth+} (You took it off a deep elf demonologist on level 3 of the Depths)
 50367 | Zot:5    | Entered Level 5 of the Realm of Zot
 50504 | Zot:5    | Reached skill level 15 in Shields
 50526 | Zot:5    | Reached skill level 15 in Fighting
 50669 | Zot:5    | Noticed an ancient lich
 50672 | Zot:5    | Noticed an ancient lich
 50675 | Zot:5    | Killed an ancient lich
 50678 | Zot:5    | Killed an ancient lich
 50757 | Zot:5    | Noticed an orb of fire
 50757 | Zot:5    | Gained mutation: You are occasionally teleported next to monsters. [an orb of fire]
 50765 | Zot:5    | Noticed an orb of fire
 50765 | Zot:5    | Noticed an ancient lich
 50766 | Zot:5    | Noticed an orb of fire
 50766 | Zot:5    | Noticed an orb of fire
 50771 | Zot:5    | Killed an orb of fire
 50775 | Zot:5    | Noticed an ancient lich
 50798 | Zot:5    | Noticed an orb of fire
 50859 | Zot:5    | Noticed an ancient lich
 50998 | Zot:4    | Learned a level 3 spell: Regeneration
 51258 | Depths:4 | Reached skill level 15 in Unarmed Combat
 51710 | Crypt:1  | Entered Level 1 of the Crypt
 51905 | Crypt:1  | Reached skill level 19 in Invocations
 52206 | Crypt:1  | Gained mutation: Scrolls take you a little longer to read. [mutagenic glow]
 52776 | Crypt:2  | Noticed Xtahua
 52787 | Crypt:2  | Killed Xtahua
 53569 | Crypt:3  | Entered Level 3 of the Crypt
 53976 | Crypt:3  | Found a shimmering altar of Xom.
 54407 | Crypt:3  | Found a staircase to the Tomb.
 55537 | Tomb:1   | Entered Level 1 of the Tomb of the Ancients
 55610 | Tomb:1   | Reached skill level 20 in Invocations
 56246 | Tomb:1   | Gained mutation: Your body sometimes deteriorates upon taking damage. [a neqoxec]
 56352 | Tomb:1   | Noticed a greater mummy
 56357 | Tomb:1   | Killed a greater mummy
 56359 | Tomb:1   | Noticed a greater mummy
 56367 | Tomb:1   | Killed a greater mummy
 56380 | Tomb:1   | Noticed a greater mummy
 56389 | Tomb:1   | Killed a greater mummy
 56391 | Tomb:1   | Noticed a greater mummy
 56412 | Tomb:1   | Killed a greater mummy
 56417 | Tomb:1   | Noticed a greater mummy
 56432 | Tomb:1   | Killed a greater mummy
 56585 | Tomb:1   | Noticed a greater mummy
 56592 | Tomb:1   | Killed a greater mummy
 56611 | Tomb:1   | Noticed a greater mummy
 56612 | Tomb:1   | Noticed a greater mummy
 56615 | Tomb:1   | Noticed a greater mummy
 56779 | Tomb:2   | Noticed a greater mummy
 56779 | Tomb:2   | Noticed a greater mummy
 56779 | Tomb:2   | Noticed a greater mummy
 56781 | Tomb:2   | Noticed a greater mummy
 56792 | Tomb:1   | Killed a greater mummy
 56889 | Tomb:2   | Killed a greater mummy
 56890 | Tomb:2   | Killed a greater mummy
 56898 | Tomb:2   | Killed a greater mummy
 57009 | Tomb:1   | Killed a greater mummy
 57011 | Tomb:1   | Noticed a greater mummy
 57152 | Tomb:1   | Killed a greater mummy
 57164 | Tomb:1   | Noticed a greater mummy
 57169 | Tomb:1   | Killed a greater mummy
 57175 | Tomb:1   | Killed a greater mummy
 57628 | Tomb:1   | Noticed a greater mummy
 57638 | Tomb:1   | Killed a greater mummy
 57638 | Tomb:1   | Reached skill level 21 in Invocations
 57656 | Tomb:1   | Killed a greater mummy
 57885 | Tomb:3   | Entered Level 3 of the Tomb of the Ancients
 57900 | Tomb:3   | Noticed a greater mummy
 58009 | Tomb:3   | Noticed a greater mummy
 58015 | Tomb:3   | Killed a greater mummy
 58025 | Tomb:3   | Killed a greater mummy
 58150 | Tomb:3   | Noticed a greater mummy
 58186 | Tomb:3   | Noticed a greater mummy
 58195 | Tomb:3   | Killed a greater mummy
 58254 | Tomb:3   | Noticed a greater mummy
 58259 | Tomb:3   | Killed a greater mummy
 58371 | Tomb:3   | Identified Sif Muna's Papyrus of Creative Evil
 58373 | Tomb:3   | Lost mutation: Scrolls take you a little longer to read. [potion of cure mutation]
 58373 | Tomb:3   | Lost mutation: One of your tentacles bears a spike. [potion of cure mutation]
 58459 | Tomb:3   | Noticed a greater mummy
 58463 | Tomb:3   | Noticed a greater mummy
 58464 | Tomb:3   | Killed a greater mummy
 58477 | Tomb:3   | Killed a greater mummy
 58492 | Tomb:3   | Noticed a greater mummy
 58496 | Tomb:3   | Killed a greater mummy
 58569 | Tomb:3   | Got a golden rune of Zot
 58639 | Tomb:3   | Killed a greater mummy
 58753 | Tomb:3   | Noticed a greater mummy
 58767 | Tomb:3   | Killed a greater mummy
 58795 | Tomb:3   | Identified Nerelyma's Papyrus of Creation (You found it on level 3 of the Tomb of the Ancients)
 58812 | Tomb:3   | Identified a +2 rod of inaccuracy (12/12) (You found it on level 3 of the Tomb of the Ancients)
 59572 | Shoals:4 | Bought a potion of mutation for 52 gold pieces
 59835 | Snake:4  | Gained mutation: You passively map a small area around you. [potion of mutation]
 59835 | Snake:4  | Gained mutation: Your flesh is heat resistant. [potion of mutation]
 59835 | Snake:4  | Gained mutation: You possess an exceptional clarity of mind. [potion of mutation]
 59836 | Snake:4  | Gained mutation: You are clumsy. (Dex -2) [potion of mutation]
 59836 | Snake:4  | Gained mutation: You are resistant to hostile enchantments. [potion of mutation]
 59837 | Snake:4  | Lost mutation: Your body sometimes deteriorates upon taking damage. [potion of mutation]
 59837 | Snake:4  | Gained mutation: Your muscles are strong. (Str +2) [potion of mutation]
 59837 | Snake:4  | Gained mutation: You are surrounded by a mild repulsion field (EV +2). [potion of mutation]
 59838 | Snake:4  | Gained mutation: You are surrounded by a moderate repulsion field (EV +3). [potion of mutation]
 59838 | Snake:4  | Gained mutation: Your body sometimes deteriorates upon taking damage. [potion of mutation]
 59842 | Snake:4  | Lost mutation: You are resistant to hostile enchantments. [potion of cure mutation]
 59842 | Snake:4  | Lost mutation: Your flesh is heat resistant. [potion of cure mutation]
 59842 | Snake:4  | Lost mutation: You are clumsy. (Dex -2) [potion of cure mutation]
 59842 | Snake:4  | Lost mutation: Your body sometimes deteriorates upon taking damage. [potion of cure mutation]
 59844 | Snake:4  | Lost mutation: You possess an exceptional clarity of mind. [potion of cure mutation]
 59844 | Snake:4  | Lost mutation: Your muscles are strong. (Str +2) [potion of cure mutation]
 59844 | Snake:4  | Lost mutation: Your natural rate of healing is unusually fast. [potion of cure mutation]
 59844 | Snake:4  | Lost mutation: You are occasionally teleported next to monsters. [potion of cure mutation]
 60118 | Slime:1  | Entered Level 1 of the Pits of Slime
 60317 | Slime:3  | Gained mutation: Your magical capacity is low (-10% MP). [a shining eye]
 60406 | Slime:6  | Entered Level 6 of the Pits of Slime
 60455 | Slime:6  | Reached skill level 22 in Invocations
 60490 | Slime:6  | Noticed the Royal Jelly
 60828 | Slime:6  | Killed the Royal Jelly
 60892 | Slime:6  | Identified the Handbook of Protection
 60925 | Slime:6  | Identified the Guide on Unstable Snow
 60956 | Slime:6  | Got a slimy rune of Zot
 61408 | Depths:1 | Voluntarily entered the Abyss.
 61408 | Abyss:1  | Found a corrupted altar of Lugonu.
 62037 | Abyss:3  | Found a snail-covered altar of Cheibriados.
 62357 | Abyss:3  | Found a burning altar of Makhleb.
 62375 | Abyss:3  | Gained mutation: You are dopey. (Int -2) [a neqoxec]
 62488 | Abyss:5  | Entered Level 5 of the Abyss
 62571 | Abyss:5  | Found a corrupted altar of Lugonu.
 62718 | Abyss:5  | Noticed an ancient lich
 62724 | Abyss:5  | Killed an ancient lich
 62746 | Abyss:5  | Gained mutation: You regenerate slowly when monsters are visible. [a neqoxec]
 62747 | Abyss:5  | Gained mutation: Your magical capacity is very low (-20% MP). [a neqoxec]
 62747 | Abyss:5  | Gained mutation: You are clumsy. (Dex -2) [a neqoxec]
 62748 | Abyss:5  | Gained mutation: Your magical capacity is extremely low (-30% MP). [a neqoxec]
 62760 | Abyss:5  | Lost mutation: You are dopey. (Int -2) [potion of cure mutation]
 62760 | Abyss:5  | Lost mutation: Your magical capacity is extremely low (-30% MP). [potion of cure mutation]
 62760 | Abyss:5  | Lost mutation: Your magical capacity is very low (-20% MP). [potion of cure mutation]
 62760 | Abyss:5  | Lost mutation: You passively map a small area around you. [potion of cure mutation]
 62827 | Abyss:5  | Got an abyssal rune of Zot
 62842 | Depths:1 | Escaped the Abyss
 62877 | Hell     | Entered the Vestibule of Hell
 62877 | Hell     | Noticed Geryon
 62882 | Hell     | Reached skill level 23 in Invocations
 62890 | Hell     | Noticed Murray
 62891 | Hell     | Found a gateway to the freezing wastes of Cocytus.
 62893 | Hell     | Killed from afar by a blizzard demon

Skill      XL: |  1  2  3  4  5  6  7  8  9 10 11 12 13 14 15 16 17 18 19 20 21 22 23 24 25 26 27 |
---------------+----------------------------------------------------------------------------------+-----
Transmutations | 3 4 5 6 8 9 10 12 | 12.8
Fighting       | 2 3 4 5 6 7 9 11 12 13 14 20 | 20.0
Dodging        | 3 4 5 6 7 8 9 10 11 12 13 14 15 | 15.3
Spellcasting   | 3 4 5 6 7 8 9 10 11 12 13 14 15 16 | 16.6
Ice Magic      | 1 2 |  2.7
Unarmed Combat | 4 5 7 8 10 11 12 13 14 19 | 19.7
Invocations    | 4 7 8 10 11 12 13 14 16 23 | 23.0
Air Magic      | 4 6 8 9 10 12 14 17 19 21 22 | 22.0
Charms         | 4 6 |  6.2
Shields        | 2 4 5 8 10 12 20 | 20.1
Earth Magic    | 3 5 |  5.2
Necromancy     | 3 9 13 17 | 17.6

Action                   |  1- 3 |  4- 6 |  7- 9 | 10-12 | 13-15 | 16-18 | 19-21 | 22-24 | 25-27 || total
-------------------------+-------+-------+-------+-------+-------+-------+-------+-------+-------++-------
Melee: Unarmed           |    44 |   149 |   370 |   646 |   914 |  1119 |   950 |   790 |  2982 ||  7964
       Constrict         |    11 |    28 |    19 |    57 |    48 |    33 |   108 |   134 |   424 ||   862
       Kick              |    11 |    48 |    10 |       |       |       |       |   254 |  1382 ||  1705
       Tentacles         |     8 |    28 |    17 |   105 |   109 |   113 |   269 |   244 |  1119 ||  2012
       Punch             |     1 |     2 |     4 |    20 |    60 |    73 |   136 |   116 |   710 ||  1122
       Tailslap          |       |       |       |       |    29 |    45 |       |       |     5 ||    79
       Bite              |       |       |       |       |    27 |    33 |       |       |     3 ||    63
       Staff             |       |       |       |       |       |       |       |    16 |       ||    16
 Cast: Beastly Appendage |    10 |    15 |     3 |       |       |       |       |       |       ||    28
       Sticks to Snakes  |       |    10 |    19 |     3 |     2 |       |       |       |       ||    34
       Spider Form       |       |     2 |    12 |     2 |       |       |       |       |       ||    16
       Ice Form          |       |       |    20 |    28 |    39 |    40 |       |       |       ||   127
       Blade Hands       |       |       |       |    21 |     8 |       |       |       |       ||    29
       Dragon Form       |       |       |       |       |    22 |    21 |       |       |     5 ||    48
       Repel Missiles    |       |       |       |       |     1 |     7 |     4 |     3 |       ||    15
       Passage of Golubr |       |       |       |       |     1 |       |       |       |       ||     1
       Ozocubu's Armour  |       |       |       |       |       |    41 |    10 |     2 |    16 ||    69
       Hydra Form        |       |       |       |       |       |    11 |    21 |    10 |     6 ||    48
       Statue Form       |       |       |       |       |       |    26 |    45 |    52 |   134 ||   257
       Tornado           |       |       |       |       |       |       |       |     3 |    52 ||    55
       Deflect Missiles  |       |       |       |       |       |       |       |     2 |     5 ||     7
       Necromutation     |       |       |       |       |       |       |       |       |    66 ||    66
       Regeneration      |       |       |       |       |       |       |       |       |    24 ||    24
       Apportation       |       |       |       |       |       |       |       |       |     1 ||     1
Invok: Bend Time         |       |       |       |     2 |    14 |     3 |       |     6 |     2 ||    27
       Slouch            |       |       |       |       |     7 |       |     4 |       |     7 ||    18
       Temporal Distorti |       |       |       |       |    10 |    26 |     1 |       |    10 ||    47
       Step From Time    |       |       |       |       |     1 |       |       |       |     3 ||     4
 Abil: End Transformatio |       |       |     1 |     2 |     3 |     1 |       |     1 |    10 ||    18
       Breathe Fire      |       |       |       |       |     5 |     1 |       |       |       ||     6
       Evoke Blink       |       |       |       |       |       |       |       |       |     1 ||     1
Evoke: Wand              |       |       |       |     1 |       |     3 |       |       |     3 ||     7
  Use: Potion            |     1 |       |     3 |     1 |     1 |     4 |       |     1 |     9 ||    20
       Scroll            |       |       |       |    25 |    14 |    12 |     1 |    14 |    23 ||    89
 Stab: Sleeping          |     3 |     3 |    11 |    32 |    25 |    15 |     8 |    11 |    34 ||   142
       Distracted        |     1 |     2 |     1 |     1 |     6 |     4 |     5 |     2 |     9 ||    31
       Fleeing           |       |       |       |       |     1 |       |       |       |       ||     1
       Petrified         |       |       |       |       |       |       |       |     1 |       ||     1
  Eat: Chunk             |       |     2 |     7 |    17 |    28 |     3 |     2 |       |       ||    59
       Pizza             |       |     1 |       |       |       |     1 |     2 |     1 |     2 ||     7
       Meat ration       |       |       |     1 |     1 |     1 |     2 |     1 |     1 |     6 ||    13
       Bread ration      |       |       |     1 |       |       |       |       |       |       ||     1
       Fruit             |       |       |       |     1 |     1 |       |       |       |       ||     2
       Beef jerky        |       |       |       |       |     1 |     2 |     3 |     1 |     5 ||    12
       Royal jelly       |       |       |       |       |       |     1 |       |       |       ||     1
Armor: Skin              |     3 |     6 |    52 |    62 |   140 |   163 |   138 |   204 |   367 ||  1135
Dodge: Dodged            |    18 |    82 |   309 |   797 |  1169 |  1355 |  1307 |  1253 |  3177 ||  9467
       Deflected         |       |       |       |       |     2 |    73 |    31 |    17 |   107 ||   230
Block: Other             |       |       |       |       |    77 |   243 |    45 |    44 |    28 ||   437
       Reflection        |       |       |       |       |     9 |    64 |    85 |    77 |   104 ||   339
       Buckler           |       |       |       |       |       |   262 |   723 |   786 |  3035 ||  4806
